 Dungeon Crawl Stone Soup version 0.28-a0-1616-g050a50673c (webtiles) character file.

Game seed: 14637322173683243796

21 a3don the Digger (level 2, 0/20 HPs)
             Began as a Draconian Earth Elementalist on Jan 22, 2022.
             Succumbed to an adder's poison
             ... on level 2 of the Dungeon.
             The game lasted 00:01:10 (863 turns).

a3don the Digger (Draconian Earth Elementalist)      Turns: 863, Time: 00:01:11

Health: 0/20       AC:  4    Str:  9 (10) XL:     2   Next: 65%
Magic:  3/5        EV: 12    Int: 13 (15) God:
Gold:   30         SH:  0    Dex:  8 (11) Spells: 4/5 levels left

rFire   . . .      SeeInvis .   c - +1 rapier
rCold   . . .      Faith    .   (no shield)
rNeg    . . .      Spirit   .   (armour unavailable)
rPois   .          Reflect  .   (helmet restricted)
rElec   .          Harm     .   (no cloak)
rCorr   .          Rampage  .   (no gloves)
Will    .....                   (no boots)
Stlth   +.........              (no amulet)
HPRegen 0.06/turn               (no ring)
MPRegen 0.09/turn               (no ring)

@: lethally poisoned (0 -> -8)
A: AC +4, unfitting armour, cold-blooded
a: no special abilities


You were on level 2 of the Dungeon.
You visited 1 branch of the dungeon, and saw 2 of its levels.

You collected 30 gold pieces.

Inventory:

Hand Weapons
 c - a +1 rapier (weapon)
 i - a +0 morningstar
Missiles
 b - 47 stones
 f - 2 poisoned darts (quivered)
Scrolls
 d - a scroll of enchant armour {unknown}
 g - a scroll of identify {unknown}
 h - a scroll of enchant weapon


   Skills:
 + Level 0.8 Short Blades
 + Level 2.0 Dodging
 - Level 1.7 Stealth
 + Level 2.2 Spellcasting
 + Level 1.4 Transmutations
 + Level 3.2 Earth Magic


You had 4 spell levels left.
You knew the following spells:

 Your Spells              Type           Power      Damage    Failure   Level
a - Sandblast             Erth           18%        2d7       7%          1

Your spell library contained the following spells:

 Spells                   Type           Power      Damage    Failure   Level
 Passwall                 Tmut/Erth      5%         N/A       14%         2
 Stone Arrow              Conj/Erth      10%        3d7       36%         3
 Petrify                  Tmut/Erth      7%         N/A       67%         4


Dungeon Overview and Level Annotations

Branches:
Dungeon (2/15)

Altars:


Innate Abilities, Weirdness & Mutations

Your plain brown scales are hard. (AC +4)
You cannot fit into any form of body armour.
You are cold-blooded and may be slowed by cold attacks.


Message History

Confirm with . or Enter, or press ? or * to list all spells.
Aiming: Sandblast (safe; 6% risk of failure)
Press: ? - help, Shift-Dir - straight line, f - adder
Aim: an adder (moderately wounded, 66% to hit)
The blast of sand hits the adder.
The adder is severely wounded.
b - 48 stones You feel sick.
The adder barely misses you. The adder bites you.
You are lethally poisoned!
The adder poisons you!
Casting: Sandblast (safe; 6% risk of failure)
Confirm with . or Enter, or press ? or * to list all spells.
Aiming: Sandblast (safe; 6% risk of failure)
Press: ? - help, Shift-Dir - straight line, f/p - adder
Aim: an adder (severely wounded, 66% to hit)
The blast of sand hits the adder.
You kill the adder!
b - 47 stones
* * * LOW HITPOINT WARNING * * *
You feel very sick.
Casting: Sandblast (safe; 6% risk of failure)
Confirm with . or Enter, or press ? or * to list all spells.
You can't see any susceptible monsters within range! (Use Z to cast anyway.) Unknown command.
There is a lethal amount of poison in your body!
It was a potion of degeneration.
There was something very wrong with that liquid.
You feel weakened.
You feel dopey.
You feel clumsy.
* * * LOW HITPOINT WARNING * * *
You feel sick.
Unknown command.
As you read the scroll labelled TUQATIRARCH, it crumbles to dust.
It is a scroll of enchant weapon.
Your +0 rapier glows red for a moment.
* * * LOW HITPOINT WARNING * * *
You feel sick.
As you read the scroll labelled GIDIDO UDIEGO, it crumbles to dust.
You assume a fearsome visage.
Nothing appears to happen.
It was a scroll of fear.
You die...

# #. #.. #.# #..###
## #...#### #####
#...###....##
......####
#..†.......
#.†@.###...###....##
####...## ##.†.####
###..# #..###
##.###.## #..#..#
##.#.## .### #.#.#
.....# #...# #...
##.## #..##


There were no monsters in sight!

Vanquished Creatures
  An adder (D:2)
  A ball python (D:2)
  An endoplasm (D:2)
  A goblin (D:1)
  A hobgoblin (D:2)
  3 quokkas
  2 bats (D:1)
  A frilled lizard (D:2)
  A rat (D:1)
12 creatures vanquished.

Notes
Turn   | Place    | Note
-------+----------+-------------------------------------------
     0 | D:1      | a3don the Draconian Earth Elementalist began the quest for
                  | the Orb.
     0 | D:1      | Reached XP level 1. HP: 14/14 MP: 3/3
   764 | D:2      | Found a faded altar of an unknown god.
   795 | D:2      | Reached XP level 2. HP: 19/20 MP: 5/5
   863 | D:2      | Succumbed to an adder's poison

Illustrated notes

Levels and vault maps discovered:
D:1:      saegor_arrival_fortress, layout_loops_ring
D:2:      minmay_general_purpose_star, layout_rooms,
          chequers_ecumenical_altar_island, minmay_quadrilaterals

Skill      XL: |  1  2 |
---------------+-------+-----
Dodging        | 2 |  2.0
Short Blades   | |  0.8
Stealth        | |  1.7
Spellcasting   | |  2.2
Transmutations | |  1.4
Earth Magic    | |  3.2

Action                   || total
-------------------------++-------
Melee: Rapier            ||    35
       Tailslap          ||     3
 Cast: Sandblast         ||     2
  Use: Scroll            ||     2
       Potion            ||     1
 Stab: Sleeping          ||     1
Armor: Skin              ||    19
Dodge: Dodged            ||    25

Table legend: (Time is in decaauts)
 A = Elapsed time spent in this place.
 B = Non-inter-level travel time spent in this place.
 C = Inter-level travel time spent in this place.
 D = Time resting spent in this place.
 E = Time spent auto-exploring this place.
 F = Levels seen in this place.
 G = Mean time per level.
                   A        B        C        D        E       F      G
               +--------+--------+--------+--------+--------+-----+--------+
         Total |    868 |    860 |      8 |      0 |    741 |   2 |  434.0 |
       Dungeon |    868 |    860 |      8 |      0 |    741 |   2 |  434.0 |
               +--------+--------+--------+--------+--------+-----+--------+

Top non-repeatable levels by time:
     D:1: 763 daAuts
     D:2: 105 daAuts
